 Dungeon Crawl Stone Soup version 0.26-a0-707-g31817bcca1 (webtiles) character file.

Game seed: 4363977998254633641

3944 somkeydreadnuts the Blocker (level 10, -1/65 HPs)
             Began as a Gargoyle Fighter on Oct 26, 2020.
             Was a Believer of Dithmenos.
             Splashed by an acid dragon's acid (13 damage)
             ... on level 8 of the Dungeon.
             The game lasted 00:26:37 (10010 turns).

somkeydreadnuts the Blocker (Gargoyle Fighter)     Turns: 10010, Time: 00:26:39

Health: -1/65      AC: 12    Str: 24    XL:     10   Next: 21%
Magic:  13/13      EV:  9    Int:  8    God:    Dithmenos [**....]
Gold:   304        SH: 14    Dex:  9    Spells: 9/9 levels left

rFire    + . .     SeeInvis .   a - +0 war axe
rCold    . . .     Faith    .   x - +2 kite shield
rNeg     + . .     Spirit   .   b - +0 scale mail
rPois    ∞         Reflect  .   (no helmet)
rElec    +         Harm     .   y - scarf {+Inv}
rCorr    .         Rampage  .   (no gloves)
MR       .....                  v - +0 pair of boots
Stlth    ..........             (no amulet)
HPRegen  0.20/turn              n - ring of protection from fire
MPRegen  0.13/turn              (no ring)

@: corroded, flying, wreathed by umbra
A: big wings, negative energy resistance 1, electricity resistance, unbreathing,
petrification resistance, rot immunity, MP-powered wands, AC +7
a: Stop Flying, Shadow Step, Renounce Religion, Evoke Invisibility


You were on level 8 of the Dungeon.
You worshipped Dithmenos.
Dithmenos was pleased with you.
You visited 2 branches of the dungeon, and saw 9 of its levels.
You also visited: Ossuary.

You collected 484 gold pieces.
You spent 180 gold pieces at shops.

Inventory:

Hand Weapons
 a - a +0 war axe (weapon)
Missiles
 w - 8 poisoned darts (quivered)
Armour
 b - a +0 scale mail (worn)
 v - a +0 pair of boots (worn)
 x - a +2 kite shield (worn)
 y - a scarf of invisibility (worn)
Jewellery
 n - a ring of protection from fire (left hand)
Scrolls
 e - a scroll of teleportation
 i - 6 scrolls of remove curse
 j - a scroll of magic mapping {unknown}
 k - 3 scrolls of amnesia
 l - 4 scrolls of enchant armour {unknown}
 m - 2 scrolls of fear {unknown}
 p - 5 scrolls of identify {unknown}
 u - 3 scrolls of enchant weapon {unknown}
 z - 2 scrolls of random uselessness {unknown}
 B - a scroll of blinking {unknown}
Potions
 c - a potion of lignification {unknown}
 d - 2 potions of might
 f - 2 potions of cancellation
 g - 4 potions of stabbing {unknown}
 h - a potion of heal wounds {unknown}
 o - 3 potions of brilliance {unknown}
 q - 2 potions of degeneration {unknown}
 r - 2 potions of magic {unknown}
 t - a potion of resistance
 A - a potion of berserk rage {unknown}


   Skills:
 - Level 8.4 Fighting
 - Level 1.8 Axes
 - Level 8.2 Armour
 - Level 0.7 Stealth
 - Level 10.8 Shields
 * Level 4.7 Invocations
 + Level 0.2 Evocations


You had 9 spell levels left.
You didn't know any spells.
Your spell library contained the following spells:

 Spells                   Type           Power        Failure   Level
 Animate Skeleton         Necr           #.....       85%         1
 Apportation              Tloc           #.....       85%         1
 Corona                   Hex            #......      85%         1
 Summon Small Mammal      Summ           #...         85%         1


Dungeon Overview and Level Annotations

Branches:
Dungeon (8/15)             Temple (1/1) D:4         Ossuary (visited)
   Lair: D:8-11

Altars:
Ashenzari
Cheibriados
Dithmenos
Elyvilon
Fedhas
Gozag
Hepliaklqana
Kikubaaqudgha
Makhleb
Nemelex Xobeh
Okawaru
Qazlal
Ru
Sif Muna
Trog
Uskayaw
Vehumet
Wu Jian
Xom
Yredelemnul
Zin
The Shining One

Shops:
D:6 =   D:8 [

Annotations:
D:4 3 runed translucent doors, lunkers's ghost, amateur OpIE


Innate Abilities, Weirdness & Mutations

You are resistant to torment.
Your stone body is resilient. (AC +7)
You are immune to poison.
You resist negative energy. (rN+)
You are resistant to electric shocks. (rElec)
You can survive without breathing.
You are immune to petrification.
You are immune to rotting.
Your large and strong wings let you fly indefinitely.
You expend magic power (3 MP) to strengthen your wands.


Message History

You block the acid dragon's attack.
You hit the acid dragon but do no damage.
The acid dragon is severely wounded.
You block the acid dragon's attack. x2
You hit the acid dragon but do no damage.
The acid dragon is severely wounded.
You block the acid dragon's attack. x2
The acid dragon spits acid at you. The splash of acid misses you.
You barely miss the acid dragon.
The acid dragon is severely wounded.
You are no longer corroded.
The acid dragon barely misses you. You block the acid dragon's attack.
You closely miss the acid dragon.
The acid dragon is severely wounded.
The acid dragon spits acid at you. The splash of acid hits you!
* * * LOW HITPOINT WARNING * * *
The acid corrodes you!
You are splashed with acid!
You die...

................###.....#(##.....
###############..#..####.###.####
####### ### ### ## ## ...#.# ###
!.#.$.# ##.. .#....)##.#### ##
.........#.#.#### ######.
...#...D@.......# #.##..#
#..###........###....## ##
#.#.##.....)...(##
#.##..##########(# ## #### ###


You could see an acid dragon (catching breath).

Vanquished Creatures
  Pikel (D:6)
  A slime creature (D:7)
  2 wyverns (D:8)
  Eustachio (D:7)
  2 basilisks (D:8)
  Menkaure (D:4)
  An ice beast (D:7)
  A sky beast (D:7)
  3 ogres
  3 centaurs
  An elf zombie (Ossuary)
  4 big kobolds (D:7)
  2 bullfrogs (D:7)
  Blork the orc (D:4)
  2 gnoll sergeants (D:7)
  A scorpion (D:4)
  A wight (D:7)
  2 bullfrog zombies
  2 centaur zombies
  3 jellies
  4 orc priests
  A hound (D:5)
  A bullfrog skeleton (D:7)
  5 worker ants
  An orc wizard (D:6)
  2 big kobold zombies (Ossuary)
  A hound zombie (Ossuary)
  2 hound skeletons
  4 mummies
  A gnoll (D:1)
  10 adders
  A shadow imp (D:8)
  A white imp (D:8)
  2 ufetubi
  8 oozes
  An adder zombie (Ossuary)
  4 worms
  A dart slug (D:1)
  4 leopard geckos
  31 orcs
  5 bats
  5 giant cockroaches
  A gnoll zombie (Ossuary)
  9 goblins
  7 hobgoblins
  12 jackals
  14 kobolds
  A ball python (D:7)
  2 frilled lizards
  2 goblin zombies (Ossuary)
  2 hobgoblin zombies (Ossuary)
  A jackal skeleton (D:4)
  3 jackal zombies (Ossuary)
  4 kobold zombies (Ossuary)
  4 orc zombies (Ossuary)
  A quokka skeleton (D:5)
  3 quokka zombies (Ossuary)
  5 rats
  8 rat zombies (Ossuary)
209 creatures vanquished.

Vanquished Creatures (others)
  5 fungi (D:7)
  7 toadstools (D:7)
12 creatures vanquished.

Grand Total: 221 creatures vanquished

Notes
Turn   | Place    | Note
-------+----------+-------------------------------------------
     0 | D:1      | somkeydreadnuts the Gargoyle Fighter began the quest for
                  | the Orb.
     0 | D:1      | Reached XP level 1. HP: 14/14 MP: 1/1
    49 | D:1      | Reached XP level 2. HP: 17/20 MP: 2/2
   359 | D:1      | Reached XP level 3. HP: 24/24 MP: 3/3
   741 | D:1      | Reached skill level 5 in Fighting
  1233 | D:2      | Found an iron altar of Okawaru.
  1316 | D:2      | Reached XP level 4. HP: 31/31 MP: 4/4
  2179 | D:3      | Reached XP level 5. HP: 6/36 MP: 5/5
  3055 | D:4      | Noticed Menkaure
  3065 | D:4      | Killed Menkaure
  3065 | D:4      | Reached XP level 6. HP: 29/44 MP: 6/6
  3118 | D:4      | Gained mutation: You expend magic power (3 MP) to
                  | strengthen your wands. [potion of mutation]
  3118 | D:4      | Gained mutation: Your large and strong wings let you fly
                  | indefinitely. [potion of mutation]
  3358 | D:4      | Reached XP level 7. HP: 24/50 MP: 7/7
  3562 | D:4      | Noticed Blork the orc
  3573 | D:4      | Killed Blork the orc
  3580 | D:4      | Reached skill level 4 in Shields
  3874 | D:4      | Got an opalescent robe
  3885 | D:4      | Identified the cursed +0 robe "Cyad" {rPois rC+} (You found
                  | it on level 4 of the Dungeon)
  4058 | D:4      | Found a runed translucent gate.
  4058 | D:4      | Found a runed translucent gate.
  4058 | D:4      | Found a runed translucent gate.
  4059 | D:4      | Noticed lunkers's ghost (amateur OpIE)
  4191 | D:4      | Found a staircase to the Ecumenical Temple.
  4208 | Temple   | Entered the Ecumenical Temple
  4261 | Temple   | Became a worshipper of Dithmenos the Shadowed
  4499 | D:5      | Entered Level 5 of the Dungeon
  4920 | D:5      | Reached skill level 5 in Shields
  5121 | D:5      | Found a radiant altar of Vehumet.
  5289 | D:5      | Found a hide-covered altar of Uskayaw.
  5289 | D:5      | Found a glowing silver altar of Zin.
  5650 | D:6      | Reached XP level 8. HP: 55/55 MP: 8/8
  5682 | D:6      | Found Yroostrorr's Jewellery Shop.
  5716 | D:6      | Noticed Pikel
  5722 | D:6      | Reached skill level 5 in Armour
  5739 | D:6      | Killed Pikel
  5739 | D:6      | Reached skill level 7 in Shields
  6059 | D:6      | Found a sand-covered staircase.
  6075 | Ossuary  | Entered an ossuary
  6244 | Ossuary  | Reached * piety under Dithmenos
  6284 | Ossuary  | Reached skill level 8 in Shields
  6305 | Ossuary  | Reached XP level 9. HP: 58/60 MP: 9/9
  7138 | D:7      | Noticed Eustachio
  7152 | D:7      | HP: 1/60 [centaur/arrow (5)]
  7525 | D:7      | Killed Eustachio
  7525 | D:7      | Reached skill level 9 in Shields
  7882 | D:7      | Found a snail-covered altar of Cheibriados.
  7882 | D:7      | Found an iron altar of Okawaru.
  7885 | D:7      | Found a stormy altar of Qazlal.
  7885 | D:7      | Found a glowing golden altar of the Shining One.
  8260 | D:7      | Reached skill level 10 in Shields
  8275 | D:7      | Reached ** piety under Dithmenos
  8839 | D:8      | Reached XP level 10. HP: 65/65 MP: 10/10
  8850 | D:8      | Found Loofywy's Armour Boutique.
  8869 | D:8      | Bought a scarf of invisibility for 180 gold pieces
  9715 | D:8      | HP: 1/65 [wyvern (12)]
 10010 | D:8      | Splashed by an acid dragon's acid

Illustrated notes

Levels and vault maps discovered:
D:1:      erik_arrival_triangle_medium, layout_loops_cross, minivault_27
D:2:      layout_loops_ring, kennysheep_okawaru_gauntlet
D:3:      corexii_shack_village, layout_basic
D:4:      layout_cave_pools, minmay_temple_entry_poolview,
          gammafunk_ghost_necromancy, uniq_blork_the_orc, uniq_menkaure
D:5:      layout_basic, amethyst_overflow_temple_binary, basic_altar
D:6:      layout_basic, serial_shops, shop, gup_ossuary_entry_pyramid,
          uniq_pikel
D:7:      cheibrodos_fertilizer, layout_loops_ring,
          chequers_temple_overflow_statue_of_worship, sword_in_stone
D:8:      layout_loops_ring, erik_lair_dragon, serial_shops,
          nicolae_shop_temple_entry_statues_fountains
Temple:   lightli_temple_of_artemis

Skill      XL: |  1  2  3  4  5  6  7  8  9 10 |
---------------+-------------------------------+-----
Fighting       | 4 5 6 7 8 |  8.4
Shields        | 5 8 10 | 10.8
Armour         | 4 6 8 |  8.2
Invocations    | 4 |  4.7
Axes           | |  1.8
Stealth        | |  0.7
Evocations     | |  0.2

Action                   |  1- 3 |  4- 6 |  7- 9 | 10-12 || total
-------------------------+-------+-------+-------+-------++-------
Melee: War axe           |    92 |   210 |   508 |    99 ||   909
 Abil: Fly               |       |     1 |       |       ||     1
  Use: Scroll            |     4 |       |     2 |     1 ||     7
       Potion            |       |     3 |     1 |     3 ||     7
Armor: Scale mail        |    76 |   129 |   288 |    36 ||   529
Dodge: Dodged            |    53 |    71 |   184 |    37 ||   345
Block: Kite shield       |    77 |   136 |   378 |    87 ||   678

Table legend: (Time is in decaauts)
 A = Elapsed time spent in this place.
 B = Non-inter-level travel time spent in this place.
 C = Inter-level travel time spent in this place.
 D = Time resting spent in this place.
 E = Time spent auto-exploring this place.
 F = Levels seen in this place.
 G = Mean time per level.
                   A        B        C        D        E       F      G
               +--------+--------+--------+--------+--------+-----+--------+
         Total |  10434 |  10406 |     28 |      0 |   7230 |  10 | 1043.4 |
       Dungeon |   9862 |   9834 |     28 |      0 |   7045 |   8 | 1232.8 |
        Temple |    140 |    140 |      0 |      0 |     73 |   1 |  140.0 |
       Ossuary |    431 |    431 |      0 |      0 |    112 |   1 |  431.0 |
               +--------+--------+--------+--------+--------+-----+--------+

Top non-repeatable levels by time:
     D:6: 1530 daAuts
     D:7: 1434 daAuts
     D:4: 1354 daAuts
     D:8: 1302 daAuts
     D:3: 1164 daAuts
     D:1: 1130 daAuts
     D:5: 1064 daAuts
     D:2: 881 daAuts
 Ossuary: 431 daAuts
  Temple: 140 daAuts
